 Dungeon Crawl Stone Soup version 0.13.0-26-gf7ffa3a (webtiles) character file.

486 Econoterrorist the Magician (level 6, 0/28 HPs)
             Began as a Spriggan Enchanter on Nov 1, 2013.
             Killed by divine providence
             ... invoked by an orc priest
              (12 damage)
             ... on Level 5 of the Dungeon.
             The game lasted 00:20:03 (4496 turns).

Econoterrorist the Magician (Spriggan Enchanter)    Turns: 4496, Time: 00:20:03

HP   0/28        AC  5     Str  9      XL: 6   Next: 72%
MP  27/30        EV 18     Int 16      God:
Gold 42          SH  0     Dex 17      Spells:  3 memorised, 11 levels left

Res.Fire  : . . .   See Invis. : +   a - +1 dagger {=f}
Res.Cold  : . . .   Warding    : .   b - +2 robe
Life Prot.: . . .   Conserve   : .   (shield restricted)
Res.Poison: .       Res.Corr.  : .   (helmet restricted)
Res.Elec. : .       Clarity    : .   h - +0 cloak
Sust.Abil.: . .     Spirit.Shd : .   (gloves unavailable)
Res.Mut.  : .       Stasis     : .   (boots unavailable)
Res.Rott. : .       Flight     : .   (no amulet)
Saprovore : . . .                    g - ring of magical power
                                     p - +3 ring of strength

@: very quick, somewhat resistant to hostile enchantments, quite stealthy
A: unfitting armour, see invisible, herbivore 3, speed 3, slow metabolism 2
a: no special abilities


You were on level 5 of the Dungeon.
You were not hungry.

You visited 1 branch of the dungeon, and saw 5 of its levels.

You collected 157 gold pieces.
You spent 135 gold pieces at shops.

Inventory:

Hand weapons
 a - a +1,+1 dagger (weapon) {=f}
 x - a +3,+2 dwarven sabre
Missiles
 d - 12 darts (quivered)
Armour
 b - a +2 robe (worn)
 h - a +0 cloak (worn)
Magical devices
 e - a wand of polymorph (12)
Comestibles
 n - 2 bread rations
 r - a lychee
Scrolls
 i - a scroll of fog
 j - 3 scrolls of amnesia
 k - 2 scrolls of fear
 l - a scroll of curse armour {unknown}
 t - 2 scrolls of teleportation
 v - a scroll of enchant armour
 w - 3 scrolls of remove curse
 y - a scroll of curse weapon {unknown}
 A - a scroll of noise {unknown}
 C - a scroll of random uselessness {unknown}
 D - 4 scrolls of blinking
 E - a scroll of enchant weapon II {unknown}
Jewellery
 g - a ring of magical power (right hand)
 p - a +3 ring of strength (left hand)
Potions
 f - 2 potions of restore abilities
 m - a potion of paralysis {unknown}
 o - a potion of resistance {unknown}
 q - a potion of invisibility {unknown}
 s - 2 potions of agility
 u - 2 potions of curing
 z - a potion of magic {unknown}
 B - a potion of heal wounds {unknown}
Books
 c - a book of Maledictions

   Spells                             Type                      Level
   Corona                             Hexes                        1
   *Sure Blade                        Hexes/Charms                 2
   *Ensorcelled Hibernation           Hexes/Ice                    2
   *Confuse                           Hexes                        3
   Enslavement                        Hexes                        4
   Invisibility                       Hexes                        6


   Skills:
 + Level 3.7 Short Blades
 - Level 1.1 Throwing
 - Level 3.0 Dodging
 - Level 5.0 Stealth
 - Level 6.7 Spellcasting
 - Level 3.6 Hexes


You had 11 spell levels left.
You knew the following spells:

 Your Spells              Type           Power        Failure   Level  Hunger
a - Confuse               Hex            ###.....     12%         3    ##.....
b - Ensorcelled Hibernat  Hex/Ice        ##....       10%         2    None
c - Sure Blade            Hex/Chrm       ##........   10%         2    None


Dungeon Overview and Level Annotations

Branches:
Dungeon (5/27)
 Temple: D:4-7

Altars:
Elyvilon
Makhleb
Nemelex Xobeh
Trog

Shops:
D:4 +   D:5 *


Innate Abilities, Weirdness & Mutations

You are tiny and cannot use many weapons and most armour.
You have supernaturally acute eyesight.
You are a herbivore.
You cover ground extremely quickly.
You need consume almost no food.


Message History

Put on which piece of jewellery? (? for menu, Esc to quit)
You feel your magic capacity increase.
g - a ring of magical power (right hand)
D - 4 scrolls of blinking (gained 1)
Found an escape hatch in the floor.
There is an escape hatch in the floor here. 2 orcs, an orc priest and an orc wizard come into view.
The orc shouts!
The orc wizard shouts!
The orc shouts!
The orc priest shouts!
The orc wizard looks braver.
The orc closely misses you.
You hit the orc.
The orc is severely wounded.
The orc priest invokes the aid of Beogh against you.
Something smites you!
Ouch! That really hurt!
The orc wizard casts a spell.
You feel troubled. The orc barely misses you.
The orc priest calls down the wrath of Beogh upon you.
Something smites you!
You die...

#+# #.oo#### #oo..#
#####@### #######
#......<# ......#
#.......# ..<.).#
#..(....# ....).#
#.......#
......######.......#
......'....#.......#
......####.........#
......# ###.......#


You could see an orc priest, an orc wizard and 2 orcs.

Vanquished Creatures
  An ogre (D:4)
  A water moccasin (D:3)
  A crimson imp (D:5)
  An orc priest (D:3)
  A hound (D:4)
  A jelly (D:5)
  An orc wizard (D:3)
  A worker ant (D:5)
  3 adders
  An adder skeleton (D:5)
  An iguana skeleton (D:4)
  A giant eyeball (D:4)
  3 giant geckos (D:1)
  3 orcs (D:3)
  7 bats
  5 giant cockroaches
  10 hobgoblins
  11 jackals
  3 quokkas
  2 ball pythons
  2 giant newts (D:1)
  14 goblins
  A hobgoblin skeleton (D:5)
  6 kobolds
  An orc zombie (D:5)
  A quokka skeleton (D:4)
  7 rats
90 creatures vanquished.

Notes
Turn   | Place    | Note
--------------------------------------------------------------
     0 | D:1      | Econoterrorist, the Spriggan Enchanter, began the quest for the Orb.
     0 | D:1      | Reached XP level 1. HP: 9/9 MP: 4/4
   297 | D:1      | Reached skill level 4 in Stealth
   300 | D:1      | Reached XP level 2. HP: 8/13 MP: 1/6
   311 | D:1      | Learned a level 2 spell: Ensorcelled Hibernation
   740 | D:1      | Reached skill level 5 in Stealth
  1198 | D:2      | Reached XP level 3. HP: 16/16 MP: 0/9
  1899 | D:3      | Noticed a water moccasin
  1910 | D:3      | Killed a water moccasin
  1910 | D:3      | Reached XP level 4. HP: 21/21 MP: 10/14
  2054 | D:3      | Reached skill level 5 in Spellcasting
  2054 | D:3      | Reached XP level 5. HP: 24/24 MP: 7/18
  2366 | D:3      | Found a burning altar of Makhleb.
  2366 | D:3      | Noticed a cacodemon
  2370 | D:3      | Noticed a smoke demon
  2370 | D:3      | Noticed a hellwing
  2777 | D:3      | Found a white marble altar of Elyvilon.
  2782 | D:3      | Found a bloodstained altar of Trog.
  2790 | D:3      | Found a sparkling altar of Nemelex Xobeh.
  2904 | D:4      | Noticed an ogre
  2910 | D:4      | Killed an ogre
  2910 | D:4      | Reached skill level 6 in Spellcasting
  2910 | D:4      | Reached XP level 6. HP: 4/28 MP: 17/21
  2917 | D:4      | Learned a level 3 spell: Confuse
  3156 | D:4      | Paralysed by a giant eyeball for 4 turns
  3259 | D:4      | Found Beysiovoa's Book Emporium.
  3884 | D:4      | Learned a level 2 spell: Sure Blade
  3914 | D:5      | Entered Level 5 of the Dungeon
  4306 | D:5      | Found Ejuadif's Assorted Antiques.
  4311 | D:5      | Bought a scroll labeled RAWNAFR RUEZ for 27 gold pieces
  4311 | D:5      | Bought 3 scrolls labeled DONETZ KHEACKE for 81 gold pieces
  4311 | D:5      | Bought a scroll labeled TRIOTE RORIQE for 27 gold pieces
  4496 | D:5      | Killed from afar by an orc priest

Action                   |  1- 3 |  4- 6 || total
-------------------------+-------+-------++-------
Melee: Dagger            |   122 |   159 ||   281
       Short sword       |    12 |       ||    12
 Cast: Corona            |     3 |       ||     3
       Ensorcelled Hiber |    15 |    31 ||    46
       Confuse           |       |     7 ||     7
       Sure Blade        |       |     1 ||     1
Evoke: Wand              |       |     1 ||     1
  Use: Scroll            |     6 |     6 ||    12
       Potion            |       |     1 ||     1
 Stab: Sleeping          |    13 |    33 ||    46
       Confused          |       |     4 ||     4
